Map: Oxide LE

Players

LiquidClem (Clem) - Winner!

  • Race: Terran Terran
  • League: Grandmaster
  • Spawn Location: 1:00

Denver

  • Race: Zerg Zerg
  • League: Master
  • Spawn Location: 7:00

Event: DreamHack SC2 Masters 2020 Winter

VOD

Have the link to the VOD?

Description

Time

  • Played on: Nov. 3, 2020, 10:21 a.m.
  • Length: 10:42

All games in this series

Show
View Real Time Build Order
Export as new Build Order

LiquidClem Terran - Winner!

Build Orders: Liberator Opening, Reaper Expand 

Get SALT Encoding   

  12  0:00  SCV  
  13  0:12  SCV  
  14  0:17  Supply Depot  
  14  0:24  SCV  
  15  0:38  SCV  
  15  0:40  Barracks  
  16  0:44  Refinery  
  16  0:50  SCV  
  17  1:03  SCV  
  18  1:15  SCV  
  19  1:27  Reaper  
  19  1:28  Orbital Command  
  20  1:38  Command Center  
  20  1:46  Supply Depot  
  20  1:53  SCV  
  21  1:59  Marine  
  22  2:05  SCV  
  23  2:09  Factory  
  23  2:17  SCV  
  23  2:21  Barracks Reactor  
  24  2:29  SCV, Refinery  
  25  2:41  SCV  
  26  2:50  Orbital Command  
  26  2:54  SCV  
  27  2:58  Starport  
  27  3:02  Hellion x2  
  31  3:06  SCV  
  31  3:08  Marine  
  33  3:13  Supply Depot  
  33  3:15  SCV  
  33  3:18  SCV  
  35  3:23  Hellion x2  
  39  3:27  SCV  
  39  3:28  Barracks Tech Lab  
  39  3:30  SCV  
  41  3:35  Liberator  
  41  3:38  Supply Depot  
  41  3:39  SCV  
  45  3:44  Hellion x2  
  33  3:48  Stimpack  
  49  3:50  SCV  
  49  3:52  SCV  
  51  4:08  SCV, Command Center  
  51  4:09  SCV  
  51  4:20  SCV  
  51  4:21  SCV, Starport Reactor  
  53  4:25  Factory Tech Lab  
  53  4:28  Marine  
  53  4:30  Barracks  
  49  4:33  SCV  
  49  4:35  Engineering Bay x2  
  48  4:38  Barracks  
  48  4:42  SCV  
  48  4:45  SCV  
  50  4:46  Marine  
  50  4:49  Supply Depot  
  50  4:51  Siege Tank  
  54  4:54  SCV  
  55  5:01  Refinery  
  55  5:02  Refinery  
  55  5:03  Marine  
  55  5:04  Terran Infantry Weapons Level 1  
  56  5:08  SCV x2  
  56  5:09  Starport Reactor  
  56  5:12  Terran Infantry Armor Level 1  
  58  5:18  Marine x2  
  58  5:20  SCV  
  58  5:21  SCV, Supply Depot, Marine  
  62  5:23  Orbital Command  
  63  5:32  SCV  
  63  5:33  Siege Tank  
  63  5:34  SCV  
  68  5:36  Marine x4  
  72  5:45  Barracks  
  72  5:46  Orbital Command  
  72  5:47  Marine, Barracks  
  72  5:49  Medivac  
  75  5:51  Medivac  
  75  5:53  SCV x2  
  79  5:57  Marine  
  79  5:58  Marine x3  
  80  6:05  SCV, Armory  
  80  6:07  Supply Depot  
  80  6:08  Combat Shield  
  80  6:09  Marine  
  82  6:12  SCV x2  
  82  6:15  Marine  
  85  6:18  Siege Tank  
  85  6:24  Supply Depot, Marine x2  
  90  6:27  SCV x3  
  90  6:32  Supply Depot, Marine  
  93  6:35  Barracks Reactor x2  
  93  6:36  Marine  
  93  6:38  Marine  
  93  6:39  Medivac  
  98  6:42  SCV, Supply Depot  
  98  6:43  SCV  
  98  6:45  SCV  
  101  6:48  Marine  
  101  6:49  Marine  
  101  6:53  Marine  
  104  6:54  SCV, Marine  
  104  6:56  Marine  
  103  7:03  SCV x2  
  103  7:04  Factory  
  103  7:05  Refinery  
  103  7:06  SCV  
  109  7:08  Siege Tank  
  109  7:11  Medivac, Marine x2, Supply Depot  
  109  7:12  Supply Depot  
  109  7:15  Marine  
  114  7:17  SCV  
  114  7:18  SCV x2  
  114  7:21  Marine x2  
  119  7:23  Terran Infantry Armor Level 2  
  119  7:28  Marine x2  
  119  7:29  Marine x2  
  124  7:30  SCV  
  124  7:32  SCV  
  124  7:33  SCV  
  126  7:39  Marine  
  126  7:41  Marine x2  
  126  7:42  SCV, Marine x2  
  128  7:44  SCV  
  128  7:46  Marine  
  128  7:48  Terran Infantry Weapons Level 2  
  128  7:49  SCV  
  131  7:52  Factory Reactor  
  131  7:54  Drilling Claws  
  131  7:55  Supply Depot  
  131  8:00  Medivac  
  131  8:04  Marine x3  
  136  8:05  Supply Depot  
  136  8:06  Marine  
  136  8:07  Marine  
  136  8:08  Marine x2  
  136  8:09  Marine  
  141  8:16  Supply Depot, Marine  
  141  8:17  SCV x2  
  142  8:21  Marine  
  142  8:22  Widow Mine  
  142  8:23  Medivac  
  142  8:26  Marine  
  137  8:27  Marine x3  
  137  8:28  SCV  
  137  8:29  SCV  
  137  8:30  Widow Mine x2  
  137  8:32  SCV  
  143  8:37  Medivac  
  143  8:38  Marine x3  
  143  8:39  Marine  
  143  8:40  SCV  
  150  8:41  SCV  
  150  8:44  SCV, Marine  
  153  8:49  Marine x2  
  153  8:50  Marine  
  153  8:53  SCV  
  153  8:54  Marine  
  156  8:56  Marine x2  
  156  8:57  Widow Mine  
  156  9:01  Supply Depot, Marine  
  161  9:06  Command Center  
  161  9:07  Marine x2  
  161  9:08  Marine  
  161  9:09  Marine  
  165  9:12  Marine  
  165  9:15  Widow Mine  
  168  9:19  Supply Depot  
  160  9:25  SCV, Medivac  
  160  9:26  Marine  
  160  9:28  SCV  
  160  9:29  SCV, Marine  
  160  9:30  Medivac  
  159  9:32  Marine  
  159  9:37  SCV  
  161  9:42  Marine, Widow Mine  
  161  9:44  Supply Depot  
  161  9:45  Marine  
  165  9:49  Marine  
  165  9:51  Widow Mine  
  149  9:53  Marine  
  149  9:54  Widow Mine, Marine  
  149  9:55  Medivac  
  150  10:00  Medivac  
  150  10:04  Widow Mine  
  150  10:05  Marine  
  150  10:06  SCV  
  150  10:07  SCV, Marine x2  
  145  10:13  Marine x4  
  146  10:14  Marine x2  
  146  10:17  SCV  
  149  10:23  Marine  
Show
View Real Time Build Order
Export as new Build Order

Denver Zerg 

Build Orders: Hatch First 

Get SALT Encoding   

  12  0:00  Drone  
  13  0:13  Overlord  
  13  0:18  Drone  
  14  0:32  Drone x2  
  16  0:48  Hatchery  
  15  0:52  Drone  
  15  0:56  Drone  
  17  0:59  Drone  
  18  1:09  Extractor  
  17  1:14  Spawning Pool  
  17  1:18  Drone  
  17  1:21  Drone  
  18  1:29  Drone  
  19  1:40  Drone  
  20  1:50  Overlord  
  20  2:01  Queen x2  
  20  2:02  Zergling x4  
  26  2:12  Drone x2  
  28  2:26  Drone  
  28  2:29  Hatchery  
  28  2:34  Drone  
  28  2:35  Drone  
  30  2:39  Pneumatized Carapace  
  30  2:41  Drone  
  31  2:46  Overlord  
  32  2:51  Drone  
  32  2:54  Drone  
  32  2:58  Queen  
  33  3:03  Metabolic Boost  
  35  3:07  Drone  
  35  3:10  Drone  
  37  3:13  Drone x2  
  37  3:18  Drone x2  
  41  3:21  Overlord  
  41  3:27  Drone  
  41  3:28  Drone  
  43  3:34  Overlord  
  43  3:37  Drone  
  43  3:38  Queen  
  46  3:41  Queen  
  46  3:45  Drone x2  
  46  3:47  Drone  
  51  3:52  Zergling x2  
  51  3:53  Zergling x6  
  55  3:59  Baneling Nest  
  55  4:02  Drone x2  
  56  4:06  Zergling x8  
  58  4:16  Drone x2  
  56  4:20  Drone x4  
  58  4:25  Drone x2  
  59  4:32  Spore Crawler  
  59  4:34  Drone x2  
  59  4:35  Lair  
  60  4:41  Spore Crawler, Drone x2  
  60  4:45  Drone  
  62  4:47  Drone  
  62  4:56  Drone x3  
  64  5:00  Drone x2, Extractor  
  64  5:01  Overlord x2, Drone  
  66  5:07  Overlord  
  66  5:09  Overlord  
  66  5:14  Evolution Chamber  
  65  5:15  Evolution Chamber  
  65  5:18  Drone x2  
  65  5:20  Overlord  
  65  5:21  Overlord  
  66  5:24  Drone  
  67  5:29  Drone x8  
  67  5:31  Extractor  
  67  5:32  Centrifical Hooks, Extractor  
  73  5:38  Drone x4  
  73  5:42  Zerg Ground Armor Level 1  
  77  5:44  Extractor  
  77  5:47  Drone x2  
  78  5:52  Drone x2  
  79  5:58  Drone x6  
  79  6:01  Zerg Melee Weapons Level 1  
  79  6:03  Overlord  
  85  6:07  Zergling x2  
  85  6:08  Zergling x10  
  91  6:15  Baneling x2  
  91  6:17  Hatchery  
  90  6:21  Zergling x6  
  90  6:24  Queen  
  95  6:27  Zergling x10  
  95  6:28  Zergling x2  
  95  6:32  Baneling x4  
  101  6:39  Zergling x12  
  107  6:41  Queen  
  107  6:43  Overlord  
  107  6:44  Overlord  
  109  6:47  Baneling  
  109  6:48  Baneling x6  
  109  6:49  Overlord  
  109  6:52  Overlord  
  109  6:53  Overlord  
  106  6:58  Overlord  
  106  7:00  Overlord  
  103  7:07  Zergling x16  
  111  7:13  Baneling  
  111  7:15  Baneling x2  
  111  7:17  Zergling x2  
  112  7:23  Overlord  
  112  7:27  Hydralisk Den  
  112  7:28  Zergling x14  
  118  7:35  Zergling x6  
  120  7:44  Zergling x4  
  120  7:45  Zergling x6, Baneling  
  120  7:46  Baneling x5  
  120  7:50  Zerg Ground Armor Level 2  
  125  7:54  Zergling x10  
  124  8:01  Zergling x6  
  122  8:09  Zergling x6  
  122  8:12  Zergling x14  
  132  8:15  Baneling x11  
  132  8:18  Zerg Melee Weapons Level 2  
  132  8:19  Baneling x3  
  129  8:21  Zergling x6  
  129  8:24  Hatchery  
  119  8:27  Zergling x8  
  110  8:34  Zergling x2  
  111  8:41  Zergling x4  
  111  8:44  Overseer  
  113  8:52  Zergling x6  
  113  8:53  Zergling x4  
  113  8:55  Muscular Augments  
  111  9:02  Hydralisk x2  
  114  9:13  Hydralisk  
  114  9:14  Hydralisk  
  114  9:16  Hydralisk x4  
  115  9:24  Hydralisk  
  115  9:25  Hydralisk x4  
  116  9:31  Baneling x11  
  116  9:32  Hydralisk  
  116  9:33  Hydralisk x2  
  116  9:36  Zergling x2  
  116  9:37  Zergling x8  
  122  9:44  Hydralisk x2  
  126  9:48  Hatchery  
  126  9:49  Zergling x6  
  118  9:56  Zergling x4  
  105  10:01  Hydralisk x5  
  105  10:04  Hydralisk  
  95  10:11  Hydralisk  
  95  10:12  Hydralisk  
  94  10:18  Baneling x6  
  104  10:30  Extractor  
Tags
 
Add a new tag
Caveats
  • Supply blocks, unpowered buildings, or Contaminate may cause inaccurate times.
  • Supply counts are checked every 10 seconds.